 Dungeon Crawl Stone Soup version 0.29-a0-1027-gcd8c55af63 (webtiles) character file.

Game seed: 13100881257597949356

2317 quixfox the Conjurer (level 9, -3/66 HPs)
             Began as a Demonspawn Conjurer on Aug 13, 2022.
             Slain by Erica
             ... wielding a +4 scimitar of flaming
              (7 damage)
             ... on level 8 of the Dungeon.
             The game lasted 00:29:24 (9870 turns).

quixfox the Conjurer (Demonspawn Conjurer)          Turns: 9870, Time: 00:29:25

Health: -3/66      AC:  8    Str:  8    XL:     9   Next: 18%
Magic:  11/18      EV: 12    Int: 23    God:
Gold:   402        SH:  0    Dex: 12    Spells: 9/20 levels left

rFire   + . .      SeeInvis .   i - +2 dagger
rCold   + . .      Faith    .   (no shield)
rNeg    . . .      Spirit   .   x - +1 robe {rC+ rF+}
rPois   .          Reflect  .   (no helmet)
rElec   +          Harm     .   (no cloak)
rCorr   .          Rampage  .   m - +1 pair of gloves
Will    .....                   s - +0 pair of boots "Asafawk" {rElec}
Stlth   ++........              v - amulet of regeneration
HPRegen 1.01/turn               n - ring of wizardry
MPRegen 0.16/turn               (no ring)

@: slowed, very slow
A: molten scales 1, condensation shield, demonic magic 1, weakness stinger 2
a: no special abilities


You were on level 8 of the Dungeon.
You visited 2 branches of the dungeon, and saw 9 of its levels.

You collected 402 gold pieces.

Inventory:

Hand Weapons
 i - a +2 dagger (weapon)
Armour
 m - a +1 pair of gloves (worn)
 s - the +0 pair of boots "Asafawk" (worn) {rElec}
   (You found it on level 8 of the Dungeon)

   rElec:     It insulates you from electricity.
 x - a +1 robe of resistance (worn)
 y - the +4 ring mail of Conscience {rF+}
   (You found it on level 7 of the Dungeon)

   rF:        It protects you from fire.
Jewellery
 n - a ring of wizardry (left hand)
 v - an amulet of regeneration (around neck)
Wands
 a - a wand of quicksilver (12)
 k - a wand of charming (6)
 q - a wand of iceblast (7)
Scrolls
 d - 4 scrolls of fear
 l - a scroll of butterflies
 r - a scroll of summoning
 w - a scroll of torment
 z - a scroll of blinking
Potions
 b - a potion of magic
 c - a potion of brilliance {unknown}
 e - a potion of might
 f - 2 potions of attraction {unknown}
 h - 3 potions of heal wounds {unknown}
 j - 2 potions of ambrosia
 o - a potion of degeneration {unknown}
 p - 3 potions of haste {unknown}
 t - a potion of resistance {unknown}
 u - a potion of lignification {unknown}


   Skills:
 + Level 4.4 Fighting
 - Level 1.7 Dodging
 - Level 1.7 Stealth
 + Level 6.1 Spellcasting
 + Level 7.4 Conjurations
 - Level 3.0 Transmutations
 + Level 1.4 Fire Magic
 - Level 3.0 Air Magic
 - Level 4.0 Poison Magic


You had 9 spell levels left.
You knew the following spells:

 Your Spells              Type           Power      Damage    Failure   Level
a - Magic Dart            Conj           100%       1d8       1%          1
b - Searing Ray           Conj           82%        2d7       1%          2
c - Mephitic Cloud        Conj/Pois/Air  29%        N/A       1%          3
d - Sting                 Tmut/Pois      92%        1d7       1%          1
e - Sticky Flame          Conj/Fire      27%        2d5       6%          4

Your spell library contained the following spells:

 Spells                   Type           Power      Damage    Failure   Level
 Static Discharge         Conj/Air       31%        3-7/arc   1%          2
 Dazzling Flash           Conj/Hex       48%        N/A       2%          3
 Spider Form              Tmut/Pois      23%        N/A       2%          3
 Call Imp                 Summ           7%         N/A       5%          2
 Ensorcelled Hibernation  Hex/Ice        14%        N/A       5%          2
 Fulminant Prism          Conj/Hex       12%        3d9       8%          4
 Iskenderun's Mystic Bla  Conj/Tloc      24%        2d7       8%          4
 Anguish                  Hex/Necr       3%         N/A       32%         4
 Dispel Undead            Necr           7%         3d8       32%         4


Dungeon Overview and Level Annotations

Branches:
Dungeon (8/15)             Temple (1/1) D:5            Lair (0/5) D:8

Altars:
Ashenzari
Cheibriados
Fedhas
Gozag
Hepliaklqana
Kikubaaqudgha
Makhleb
Nemelex Xobeh
Qazlal
Ru
Sif Muna
Trog
Uskayaw
Wu Jian
Xom
Yredelemnul

Shops:
D:6 *

Annotations:
D:6 1 runed translucent door, Crazy Yiuf
D:8 Erica, Grum


Innate Abilities, Weirdness & Mutations

You are partially covered in molten scales. (AC +2)
A meltable shield of frost defends you. (SH +0)
Spells you cast may paralyse adjacent enemies.
You have a tail ending in a sharp stinger.


Message History

You hear some strange, mumbled words.
You are confused.
Something hits you!
Your condensation shield dissipates!
Something burns you. Something hits you! Something burns you.
You feel better.
You hear some strange, mumbled words.
You are confused.
You feel better. Something hits you. x2
Casting: Searing Ray (safe; 1% risk of failure)
Confirm with . or Enter, or press ? or * to list all spells.
You can't see any susceptible monsters within range! (Use Z to cast anyway.)
You miss something. Something hits you.
Casting: Searing Ray (safe; 1% risk of failure)
Confirm with . or Enter, or press ? or * to list all spells.
Aiming: Searing Ray (safe; 1% risk of failure)
Press: ? - help, Shift-Dir - straight line The searing ray hits something. (Press . to maintain the ray.) Malevolent energies surge around you.
You hear some strange, mumbled words.
Something tries to affect you, but you resist.
Something hits you! Something burns you.
The searing ray hits something.
You hear some strange, mumbled words.
Something tries to affect you, but you resist.
The searing ray hits something!
Something hits you!
You hear some strange, mumbled words.
A bolt of poison appears from out of thin air!
The bolt of poison hits you!!
You are poisoned.
* * * LOW HITPOINT WARNING * * *
You feel better. Something hits you!
* * * LOW HITPOINT WARNING * * *
Something hits you!
* * * LOW HITPOINT WARNING * * *
Something burns you.
* * * LOW HITPOINT WARNING * * *
Something hits you!
You die...

#........### **********
#..........# *,,,,,,,,*****
##.........# *,******,,,,,***
#.........# *,* *****,,,,
#.........# *,* *****
#####.....###,* *,*
##########......#,* ***,**
#.......##..#.#.#,# **,,,,*
#.#####.....#.#@#.## **,,**,*
*....####......{...#* ***,,***,*
*##........##.#.....#**,,,** #.#
##.........##(##..#....,,.####..
#...........#..,..#*##.**.......
#......)....##.....#**,**##..#..
#...........##..#....*,,,.......
#...........[..###.#..,*,.......
#..........#....,,.#..,,,.......


There were no monsters in sight!

Vanquished Creatures
  Prince Ribbit (D:6)
  A wyvern (D:7)
  Menkaure (D:6)
  Duvessa (D:6)
  2 ice beasts (D:7)
  A sky beast (D:7)
  A black bear (D:7)
  An ogre (D:5)
  2 phantoms
  A bullfrog (D:6)
  2 necrophages
  3 scorpions
  5 killer bees (D:7)
  Dowan (D:6)
  2 hounds
  A jelly (D:4)
  4 iguanas
  4 orc wizards (D:5)
  9 adders
  2 white imps
  An ufetubus (D:5)
  2 dart slugs
  A worm (D:2)
  10 orcs
  6 bats
  6 endoplasms
  6 giant cockroaches
  15 goblins
  8 hobgoblins
  8 jackals
  5 quokkas
  8 ball pythons
  2 frilled lizards
  3 kobolds
  A rat (D:3)
127 creatures vanquished.

Vanquished Creatures (others)
  A plant (D:8)
1 creature vanquished.

Grand Total: 128 creatures vanquished

Notes
Turn   | Place    | Note
-------+----------+-------------------------------------------
     0 | D:1      | quixfox the Demonspawn Conjurer began the quest for the
                  | Orb.
     0 | D:1      | Reached XP level 1. HP: 13/13 MP: 3/3
   261 | D:1      | Gained mutation: You have a small tail. [demonic ancestry]
   261 | D:1      | Reached XP level 2. HP: 19/19 MP: 0/5
   757 | D:1      | Gained mutation: A meltable shield of frost defends you.
                  | (SH +0) [demonic ancestry]
   757 | D:1      | Reached XP level 3. HP: 24/24 MP: 0/7
  1632 | D:2      | Learned a level 2 spell: Searing Ray
  2317 | D:2      | Identified the +2 chain mail of Circular Logic {Fly}
  3094 | D:3      | Found a faded altar of an unknown god.
  3099 | D:3      | Got Plato's Dissertation on Poisoning
  3104 | D:3      | Learned a level 3 spell: Mephitic Cloud
  3121 | D:3      | Gained mutation: Spells you cast may paralyse adjacent
                  | enemies. [demonic ancestry]
  3121 | D:3      | Reached XP level 4. HP: 20/30 MP: 0/8
  3309 | D:3      | Found an opulent altar of Gozag.
  3502 | D:3      | Found an ornate altar of the Wu Jian Council.
  4178 | D:4      | Reached skill level 5 in Conjurations
  4178 | D:4      | Reached skill level 1 in Air Magic
  4178 | D:4      | Reached skill level 1 in Poison Magic
  4232 | D:4      | Found a basalt altar of Yredelemnul.
  4268 | D:4      | Gained mutation: You have a tail ending in a sharp stinger.
                  | [demonic ancestry]
  4268 | D:4      | Reached XP level 5. HP: 35/35 MP: 4/10
  5070 | D:5      | Entered Level 5 of the Dungeon
  5076 | D:5      | Reached XP level 6. HP: 41/41 MP: 5/11
  5123 | D:5      | Found a staircase to the Ecumenical Temple.
  5131 | Temple   | Entered the Ecumenical Temple
  5323 | D:5      | You fall into a shaft and drop 3 floors!
  5324 | D:8      | Identified the +0 pair of boots "Asafawk" {rElec}
  5540 | D:6      | Found a hide-covered altar of Uskayaw.
  5612 | D:6      | Found Upluag's Fire Supplies.
  5676 | D:6      | Reached XP level 7. HP: 38/46 MP: 10/13
  5702 | D:6      | Noticed Menkaure
  5715 | D:6      | Killed Menkaure
  5910 | D:6      | Reached skill level 1 in Fighting
  5910 | D:6      | Reached skill level 6 in Conjurations
  5912 | D:6      | Learned a level 1 spell: Sting
  6042 | D:6      | Noticed Prince Ribbit
  6045 | D:6      | Noticed Dowan
  6397 | D:5      | Found a shimmering altar of Xom.
  6435 | D:5      | Found a broken altar of Ashenzari.
  7119 | D:5      | Reached skill level 5 in Spellcasting
  7119 | D:5      | Reached XP level 8. HP: 57/57 MP: 5/15
  7396 | D:5      | Reached skill level 1 in Transmutations
  7735 | D:6      | Noticed Duvessa
  7828 | D:6      | Killed Duvessa
  7869 | D:6      | Killed Dowan
  7987 | D:6      | Killed Prince Ribbit
  8113 | D:6      | Found a runed translucent door.
  8114 | D:6      | Noticed Crazy Yiuf
  8763 | D:7      | Reached skill level 7 in Conjurations
  9141 | D:7      | Identified the +4 ring mail of Conscience {rF+}
  9175 | D:7      | Learned a level 4 spell: Sticky Flame
  9315 | D:7      | Gained mutation: You are partially covered in molten
                  | scales. (AC +2) [demonic ancestry]
  9315 | D:7      | Reached XP level 9. HP: 65/65 MP: 13/17
  9365 | D:7      | Reached skill level 1 in Fire Magic
  9659 | D:8      | Noticed Grum
  9753 | D:8      | Noticed Erica
  9870 | D:8      | Slain by Erica

Illustrated notes

Levels and vault maps discovered:
D:1:      dpeg_arrival_morbid_curiosity, layout_rooms, st_stairs_2
D:2:      layout_basic
D:3:      layout_loops_corners, mainiacjoe_overflow_six_doors_small,
          mainiacjoe_overflow_alcove_1, shapermc_ecumenical_altar_rom_forum,
          kennysheep_generic_room_16
D:4:      layout_gridville, general_overflow_altar
D:5:      layout_loops_ring, chequers_temple_overflow_statue_of_worship,
          minmay_temple_entry_mini_moons, serial_co_window_serial,
          co_window_paths_a, co_window_paths_a, co_window_paths_b,
          co_window_paths_b, co_window_paths_a, co_window_unsneaky_path_e,
          co_window_corner_b, co_window_unsneaky_path_b,
          co_window_of_opportunity_c, glass_columns_a, glass_columns_a,
          minmay_misc_feat_tower, minmay_a_box_with_orc_wizards_in_it
D:6:      layout_loops_ring, nicolae_uskayaw_murder_on_the_dancefloor,
          nicolae_shop_fire_sale [nicolae_sub_dead_trees],
          nicolae_figureground_pulse, uniq_menkaure, uniq_prince_ribbit1,
          uniq_duvessa, uniq_crazy_yiuf_cottage
D:7:      layout_basic
D:8:      layout_rooms, david_lair_shrubbed, kennysheep_cross_room,
          chequers_big_river, uniq_erica, uniq_grum
Temple:   compressed_dpeg_triangle_lava_temple

Skill      XL: |  1  2  3  4  5  6  7  8  9 |
---------------+----------------------------+-----
Spellcasting   | 3 4 5 6 |  6.1
Conjurations   | 5 6 7 |  7.4
Air Magic      | 1 2 3 |  3.0
Poison Magic   | 1 2 3 4 |  4.0
Fighting       | 2 4 |  4.4
Transmutations | 3 |  3.0
Fire Magic     | 1 |  1.4
Dodging        | |  1.7
Stealth        | |  1.7

Action                   |  1- 3 |  4- 6 |  7- 9 || total
-------------------------+-------+-------+-------++-------
Melee: Whip              |    12 |     3 |       ||    15
       Tailslap          |     2 |     3 |    14 ||    19
       Dagger            |       |    24 |    56 ||    80
       Punch             |       |       |     1 ||     1
 Cast: Magic Dart        |   118 |    84 |   114 ||   316
       Searing Ray       |     1 |     1 |     9 ||    11
       Mephitic Cloud    |       |       |     3 ||     3
       Sting             |       |       |    41 ||    41
  Use: Scroll            |    10 |     1 |     8 ||    19
       Potion            |       |       |     3 ||     3
 Stab: Paralysed         |       |    20 |    48 ||    68
Armor: Robe              |     4 |     4 |    18 ||    26
Dodge: Dodged            |    18 |    13 |    39 ||    70
Block: Other             |       |     1 |    12 ||    13

Table legend: (Time is in decaauts)
 A = Elapsed time spent in this place.
 B = Non-inter-level travel time spent in this place.
 C = Inter-level travel time spent in this place.
 D = Time resting spent in this place.
 E = Time spent auto-exploring this place.
 F = Levels seen in this place.
 G = Mean time per level.
                   A        B        C        D        E       F      G
               +--------+--------+--------+--------+--------+-----+--------+
         Total |   9880 |   9502 |    378 |   1358 |   6317 |   9 | 1097.8 |
       Dungeon |   9789 |   9411 |    378 |   1358 |   6317 |   8 | 1223.6 |
        Temple |     90 |     90 |      0 |      0 |      0 |   1 |   90.0 |
               +--------+--------+--------+--------+--------+-----+--------+

Top non-repeatable levels by time:
     D:5: 1862 daAuts
     D:2: 1507 daAuts
     D:6: 1484 daAuts
     D:1: 1297 daAuts
     D:3: 1278 daAuts
     D:7: 1250 daAuts
     D:4: 988 daAuts
     D:8: 120 daAuts
  Temple: 90 daAuts
